 Dungeon Crawl Stone Soup version 0.30-a0-457-g4b7bca3bfa (webtiles) character file.

Game seed: 12148202770901037619

75 ptdevnull the Chopper (level 4, -6/41 HPs)
             Began as a Hill Orc Fighter on Dec 14, 2022.
             Killed from afar by Sigmund (7 damage)
             ... with a magic dart
             ... on level 2 of the Dungeon.
             The game lasted 00:01:58 (1117 turns).

ptdevnull the Chopper (Hill Orc Fighter)            Turns: 1117, Time: 00:01:59

Health: -6/41      AC:  6    Str: 20    XL:     4   Next: 31%
Magic:  4/4        EV:  9    Int:  8    God:
Gold:   161        SH:  0    Dex: 10    Spells: 3/3 levels left

rFire   . . .      SeeInvis .    a - +0 war axe
rCold   . . .      Faith    .    c - +0 buckler
rNeg    . . .      Spirit   .    b - +0 scale mail
rPois   +          Reflect  .    (no helmet)
rElec   .          Harm     .    (no cloak)
rCorr   .          Rampage  .    (no gloves)
Will    .....                    (no boots)
Stlth   ..........               (no amulet)
HPRegen 0.26/turn                n - ring of poison resistance
MPRegen 0.09/turn                (no ring)

@: confused
A: no striking features
a: no special abilities


You were on level 2 of the Dungeon.
You visited 1 branch of the dungeon, and saw 2 of its levels.

You collected 161 gold pieces.

Inventory:

Hand Weapons
 a - a +0 war axe (weapon)
Missiles
 l - 5 javelins (quivered)
Armour
 b - a +0 scale mail (worn)
 c - a +0 buckler (worn)
Jewellery
 n - a ring of poison resistance (left hand)
Scrolls
 e - a scroll of enchant weapon {unknown}
 f - a scroll of magic mapping {unknown}
 h - 2 scrolls of amnesia {unknown}
 i - 2 scrolls of enchant armour {unknown}
 k - a scroll of identify {unknown}
 m - a scroll of torment {unknown}
Potions
 d - a potion of might
 g - a potion of curing {unknown}
 j - a potion of lignification {unknown}


   Skills:
 + Level 4.5 Fighting
 * Level 5.1 Axes
 - Level 3.2 Armour
 - Level 3.2 Shields


You had 3 spell levels left.
You didn't know any spells.
Your spell library was empty.

Dungeon Overview and Level Annotations

Branches:
Dungeon (2/15)

Altars:

Shops:
D:2 (

Annotations:
D:2 Sigmund


Message History

Found 5 poisoned darts.
n - a ring of poison resistance
n - a ring of poison resistance (left hand)
You now have 150 gold pieces (gained 9).
Found a stone staircase leading down.
No target in view!
You now have 161 gold pieces (gained 11).
Sigmund the Dreaded comes into view.
He is wielding a +0 scythe and wearing a +2 robe of willpower.
A kobold comes into view. It is wielding a +0 club.
The kobold shouts!
Sigmund casts a spell.
Sigmund flickers and vanishes!
Deactivating autopickup; reactivate with Ctrl-A.
You hear some strange, mumbled words.
Something tries to affect you, but you resist.
Something hits you.
You barely miss something.
The kobold throws a stone.
The stone barely misses you. Something hits you.
You closely miss something.
The kobold throws a stone.
The stone hits you.
You slash something! Something hits you but does no damage.
The kobold throws a stone.
The stone barely misses you.
Unknown command.
You miss something. Something hits you.
You miss something. You slash the kobold!
You kill the kobold!
Something hits you!
You miss something. Something hits you.
You closely miss something.
You hear some strange, mumbled words.
You are confused.
Something hits you!
* * * LOW HITPOINT WARNING * * *
Things that are here:
a +0 club; 3 stones; a kobold corpse Something hits you!
* * * LOW HITPOINT WARNING * * *
You hear some strange, mumbled words.
A magic dart appears from out of thin air!
The magic dart hits you!
You die...

#.# #......### #.# #.##.....#
##.# ##.####.#.# #..#
#.....).#.# #.## #.......#.#
#########.# #.##.......
#.......#.## #....##.#.#
#......####...###.#.#
###.#.@.......#.###.#.#
.......{..####.......#.#
.###......# ####......#
##......# #...#### .........#
#...# ####.###.### #...#
###########.......# #...#
.##.................# #...#
..........###.###...#####...####


There were no monsters in sight!

Vanquished Creatures
  3 adders (D:2)
  A worm (D:2)
  2 dart slugs
  3 bats
  4 endoplasms (D:1)
  2 giant cockroaches (D:2)
  4 goblins
  2 hobgoblins
  4 jackals (D:1)
  A quokka (D:2)
  5 ball pythons
  2 frilled lizards (D:1)
  2 kobolds
  3 rats (D:1)
38 creatures vanquished.

Notes
Turn   | Place    | Note
-------+----------+-------------------------------------------
     0 | D:1      | ptdevnull the Hill Orc Fighter began the quest for the Orb.
     0 | D:1      | Reached XP level 1. HP: 19/19 MP: 1/1
    44 | D:1      | Reached skill level 3 in Axes
    51 | D:1      | Reached XP level 2. HP: 27/27 MP: 2/2
   371 | D:1      | Reached skill level 4 in Axes
   372 | D:1      | Reached XP level 3. HP: 26/33 MP: 3/3
   748 | D:2      | Found Sahevips's Weapon Emporium.
   783 | D:2      | Reached XP level 4. HP: 38/41 MP: 4/4
   832 | D:2      | Reached skill level 5 in Axes
  1102 | D:2      | Noticed Sigmund
  1116 | D:2      | HP: 1/41 [something (10)]
  1117 | D:2      | Killed from afar by Sigmund

Illustrated notes

Levels and vault maps discovered:
D:1:      shiori_arrival_elements, layout_rooms
D:2:      layout_loops_cross, serial_shops, shop, grunt_ministairs_4,
          uniq_sigmund

Skill      XL: |  1  2  3  4 |
---------------+-------------+-----
Axes           | 3 4 5 |  5.1
Fighting       | 4 |  4.5
Armour         | |  3.2
Shields        | |  3.2

Action                   |  1- 3 |  4- 6 || total
-------------------------+-------+-------++-------
Melee: War axe           |    80 |    25 ||   105
Armor: Scale mail        |    42 |    10 ||    52
Dodge: Dodged            |    35 |     9 ||    44
Block: Buckler           |    19 |     3 ||    22

Table legend: (Time is in decaauts)
 A = Elapsed time spent in this place.
 B = Non-inter-level travel time spent in this place.
 C = Inter-level travel time spent in this place.
 D = Time resting spent in this place.
 E = Time spent auto-exploring this place.
 F = Levels seen in this place.
 G = Mean time per level.
                   A        B        C        D        E       F      G
               +--------+--------+--------+--------+--------+-----+--------+
         Total |   1151 |   1121 |     30 |      0 |    857 |   2 |  575.5 |
       Dungeon |   1151 |   1121 |     30 |      0 |    857 |   2 |  575.5 |
               +--------+--------+--------+--------+--------+-----+--------+

Top non-repeatable levels by time:
     D:1: 584 daAuts
     D:2: 566 daAuts
